 Dungeon Crawl Stone Soup version 0.22-a0-126-g307c7c3 (webtiles) character file.

105 SnubMonkey the Archer (level 4, -3/36 HPs)
             Began as a Centaur Hunter on Jan 30, 2018.
             Slain by an adder (4 damage)
             ... on level 2 of the Dungeon.
             The game lasted 00:05:49 (3360 turns).

SnubMonkey the Archer (Centaur Hunter)              Turns: 3360, Time: 00:05:49

Health: -3/36      AC:  4    Str: 15    XL:     4   Next: 53%
Magic:  4/4        EV:  9    Int: 20    God:
Gold:   124        SH:  0    Dex: 10    Spells: 3/3 levels left

rFire    . . .     SeeInvis .   b - +1 dagger (pain)
rCold    . . .     Gourm    .   (no shield)
rNeg     . . .     Faith    .   c - +0 leather armour
rPois    .         Spirit   .   (no helmet)
rElec    .         Reflect  .   (no cloak)
rCorr    .         Harm     .   (no gloves)
MR       .....                  (no barding)
Stlth    +.........             (no amulet)
HPRegen  0.12/turn              p - +5 ring of intelligence
MPRegen  0.09/turn              (no ring)

@: brilliant, lethally poisoned (-3 -> -8), very quick
A: large, hooves 3, deformed body, speed 2, tough skin 3
a: no special abilities


You were on level 2 of the Dungeon.
You were not hungry.

You visited 1 branch of the dungeon, and saw 2 of its levels.

You collected 124 gold pieces.

Inventory:

Hand Weapons
 a - a +1 shortbow
 b - a +1 dagger of pain (weapon)
 q - a +0 short sword of speed
Missiles
 d - 59 arrows (quivered)
Armour
 c - a +0 leather armour (worn)
 n - a +0 ring mail
Jewellery
 e - an uncursed ring of see invisible {unknown}
 h - an uncursed ring of stealth {unknown}
 p - a +5 ring of intelligence (left hand)
Scrolls
 g - a scroll of enchant armour {unknown}
 j - a scroll of enchant weapon {unknown}
 l - 3 scrolls of identify
 m - 2 scrolls of magic mapping
 o - 2 scrolls of fog {unknown}
Comestibles
 f - 5 rations
 i - 4 chunks of flesh


   Skills:
 - Level 2.0 Fighting
 + Level 8.0 Bows
 - Level 1.3 Dodging
 - Level 0.4 Stealth


You had 3 spell levels left.
You didn't know any spells.

Dungeon Overview and Level Annotations

Branches:
Dungeon (2/15)

Altars:
Cheibriados


Innate Abilities, Weirdness & Mutations

You have hooves in place of feet.
Armour fits poorly on your strangely shaped body.
You cover ground very quickly.
You have extremely tough skin. (AC +3)


Message History

You closely miss the adder. You kick the adder, but do no damage.
The adder is heavily wounded.
You feel sick. The adder closely misses you. The adder bites you.
* * * LOW HITPOINT WARNING * * *
You are lethally poisoned!
The adder poisons you!
It was a potion of brilliance.
You feel clever all of a sudden.
* * * LOW HITPOINT WARNING * * *
You feel sick. The adder barely misses you.
Okay, then.
Put on which piece of jewellery? (? for menu, Esc to quit)
You feel clever.
p - a +5 ring of intelligence (left hand) Some of the chunks of flesh in your inventory have rotted away.
You closely miss the adder. Your kick misses the adder.
The adder is heavily wounded.
* * * LOW HITPOINT WARNING * * *
You feel sick. The adder bites you.
You die...

#.#.#...#.# #
##.#.....#.# #
#.#..#.#..#.# #
##.S##.##..## #
#####..##... #..# #
#...#.##..... #.# #
###...#..##...##..#
#.....##..##.##..##
#...@.#.#..###..#
#...S.##.#..#..#
###...#.#.#.(.#
#...######)## ##.##
##.# #.# #))# #.#
#..# #.# #..## #(#
##...#


You could see an adder.

Vanquished Creatures
  4 adders (D:2)
  An ooze (D:2)
  3 worms (D:2)
  3 dart slugs
  2 leopard geckos
  2 giant cockroaches (D:1)
  6 goblins
  7 hobgoblins
  9 kobolds
  2 ball pythons
  3 bats (D:1)
  3 frilled lizards
  4 rats (D:1)
49 creatures vanquished.

Notes
Turn   | Place    | Note
-------+----------+-------------------------------------------
     0 | D:1      | SnubMonkey the Centaur Hunter began the quest for the Orb.
     0 | D:1      | Reached XP level 1. HP: 17/17 MP: 1/1
   158 | D:1      | Reached skill level 6 in Bows
   158 | D:1      | Reached XP level 2. HP: 17/24 MP: 2/2
  1132 | D:1      | Reached XP level 3. HP: 20/29 MP: 3/3
  2164 | D:2      | Reached skill level 7 in Bows
  2510 | D:2      | Reached XP level 4. HP: 5/36 MP: 4/4
  2943 | D:2      | Found a snail-covered altar of Cheibriados.
  3284 | D:2      | Reached skill level 8 in Bows
  3360 | D:2      | HP: 1/36 [poisoned by an adder]
  3360 | D:2      | Slain by an adder

Vault maps used:
D:1:      giann_forest_graveyard
D:2:      minmay_diamond_boxcup, cheibriados_altar_1

Skill      XL: |  1  2  3  4 |
---------------+-------------+-----
Bows           | 6 7 8 |  8.0
Fighting       | |  2.0
Dodging        | |  1.3
Stealth        | |  0.4

Action                   |  1- 3 |  4- 6 || total
-------------------------+-------+-------++-------
Melee: Short sword       |    10 |       ||    10
       Dagger            |   123 |    45 ||   168
       Kick              |    27 |     8 ||    35
 Fire: Shortbow          |       |    25 ||    25
  Use: Scroll            |     1 |       ||     1
       Potion            |       |     2 ||     2
  Eat: Chunk             |     4 |     2 ||     6
Armor: Leather armour    |    40 |    14 ||    54
Dodge: Dodged            |    57 |    20 ||    77

Table legend:
 A = Spawn XP
 B = Non-spawn XP
 C = Spawn XP percentage of total XP
 D = Spawn monster count
 E = Non-spawn monster count
 F = Spawn count percentage of total count
 G = Total turns spent on level
                    A         B        C        D         E        F      G
               +---------+---------+-------+---------+---------+-------+---------
         Total |       0 |     150 |   0.0 |       0 |      49 |   0.0 |  3360
               +---------+---------+-------+---------+---------+-------+---------
           D:1 |       0 |      46 |   0.0 |       0 |      26 |   0.0 |  1933
           D:2 |       0 |     104 |   0.0 |       0 |      23 |   0.0 |  1427
               +---------+---------+-------+---------+---------+-------+---------
